AoeStats
← Terárko

Baltic

510370821Analyzed
2v2 RM · 10h ago on Sep 30, 2026· 80m 43s· 4 players
Game mode
Random Map
Map size
Medium (4 player)
Population
200
Speed
Normal
Resources
Standard
Victory
Conquest
Starting age
Dark Age
Ending age
Imperial Age
RankedLock teamsTeams togetherTeam positionsShared explorationLock speedFull tech treeHidden civsTurbo modeCheats
Victory
Defeat
🇸🇰 Italians · Slovakia
946
+15
🇸🇰 Dravidians · Slovakia
945
+15
🇷🇺 Ethiopians · Russia
955
-15
🇲🇹 Franks · Malta
913
-15
Terárko
7:59 Loom
11:04 Feudal Age
16:29 Wheelbarrow
20:19 Castle Age
18:08 Double-Bit Axe
18:42 Man-at-Arms
19:18 Fletching
19:27 Fishing Lines
19:35 Horse Collar
20:50 Crossbowman
20:58 Pikeman
21:25 Gambesons
23:28 Medium Warships
27:39 Hand Cart
27:49 Gold Mining
28:41 Forging
28:32 Scale Mail Armor
28:37 Scale Barding Armor
28:53 Gillnets
30:25 Bow Saw
30:28 Heavy Plow
32:22 Ballistics
31:58 Murder Holes
35:13 Imperial Age
34:23 Bodkin Arrow
34:32 Town Watch
36:25 Town Patrol
37:27 Heavy Warships
37:39 Conscription
37:40 Wootz Steel
37:39 Thumb Ring
39:05 Chemistry
41:13 Two-Man Saw
40:54 Theocracy
40:34 Block Printing
40:41 Halberdier
41:23 Squires
41:21 Arbalester
42:15 Medical Corps
42:20 Elite Elephant Archer
45:19 Iron Casting
45:00 Chain Mail Armor
44:45 Bracer
44:45 Padded Archer Armor
45:06 Chain Barding Armor
45:06 Stone Mining
45:05 Long Swordsman
46:03 Caravan
48:34 Plate Mail Armor
48:24 Two-Handed Swordsman
48:51 Arson
49:06 Champion
50:49 Blast Furnace
52:59 Light Cavalry
53:40 Husbandry
54:07 Leather Archer Armor
59:00 Shipwright
59:34 Ring Archer Armor
70:42 Devotion
71:08 Sanctity
XxTatarkaxX
6:45 Loom
10:58 Feudal Age
18:23 Castle Age
18:14 Fishing Lines
20:03 Double-Bit Axe
20:04 Horse Collar
22:45 Stone Mining
24:49 Medium Warships
24:50 Town Watch
28:01 Heavy Plow
28:13 Bow Saw
27:56 Gold Mining
28:27 Careening
29:40 Wheelbarrow
31:11 Hand Cart
31:10 Squires
31:35 Fletching
31:46 Padded Archer Armor
32:11 Ballistics
34:19 Silk Road
36:43 Imperial Age
33:38 Pikeman
33:58 Elite Skirmisher
34:56 Leather Archer Armor
36:20 Fortified Wall
35:50 Treadmill Crane
36:08 Bodkin Arrow
36:24 Forging
36:20 Scale Barding Armor
36:16 Scale Mail Armor
35:56 Demolition Ship
38:52 Chemistry
38:15 Shipwright
38:17 Dry Dock
38:07 Clinker Construction
39:00 Two-Man Saw
38:36 Crop Rotation
38:26 Murder Holes
38:56 Caravan
40:24 Heavy Warships
40:27 Conscription
41:52 Iron Casting
41:18 Bracer
41:48 Ring Archer Armor
41:39 Chain Barding Armor
41:34 Chain Mail Armor
41:09 Arson
41:32 Thumb Ring
41:31 Husbandry
41:42 Bloodlines
43:33 Elite Cannon Galleon
50:43 Blast Furnace
50:18 Plate Barding Armor
50:14 Plate Mail Armor
49:50 Crossbowman
52:00 Carvel Hull
51:50 Siphons
67:11 Pirotechnia
Dtox
10:20 Feudal Age
9:12 Loom
17:43 Castle Age
19:09 Stone Mining
20:58 Wheelbarrow
20:10 Double-Bit Axe
22:51 Gold Mining
23:02 Town Watch
26:07 Medium Warships
26:27 Hand Cart
26:34 Bow Saw
26:46 Scale Barding Armor
27:09 Fishing Lines
27:47 Forging
31:46 Gold Shaft Mining
34:29 Chain Barding Armor
34:46 Iron Casting
33:47 Demolition Ship
37:36 Imperial Age
40:31 Heavy Warships
40:52 Plate Barding Armor
39:58 Cavalier
41:31 Husbandry
43:40 Blast Furnace
44:17 Paladin
44:29 Pikeman
45:10 Squires
45:16 Scale Mail Armor
46:56 Chain Mail Armor
49:05 Halberdier
51:10 Plate Mail Armor
63:10 Fletching
63:20 Padded Archer Armor
63:45 Ballistics
76:01 Elite Skirmisher
76:43 Bodkin Arrow
77:04 Leather Archer Armor
aleksei.ryabinin
3:55 Loom
11:27 Feudal Age
12:07 Double-Bit Axe
18:35 Castle Age
17:05 Fishing Lines
17:45 Padded Archer Armor
18:00 Fishing Lines
19:52 Fletching
23:07 Bodkin Arrow
23:28 Leather Archer Armor
26:05 Wheelbarrow
26:05 Bow Saw
32:04 Imperial Age
31:00 Ballistics
31:00 Caravan
32:55 Forging
32:45 Scale Mail Armor
33:17 Ring Archer Armor
36:02 Bracer
36:38 Iron Casting
36:19 Chain Mail Armor
40:08 Royal Heirs
39:29 Elite Shotel Warrior
41:06 Horse Collar
41:52 Gillnets
42:22 Heavy Plow
45:22 Blast Furnace
44:53 Plate Mail Armor
46:40 Hand Cart
49:24 Scale Barding Armor
49:21 Squires
49:06 Arson
52:59 Light Cavalry
53:40 Husbandry
54:02 Chain Barding Armor
54:52 Hussar
55:28 Cavalier
70:49 Two-Man Saw
75:40 Elite Skirmisher
Connection lost

Rejoining the realm…

Still unreachable

The connection could not be restored.

Session expired

The server has moved on; the page needs a fresh start.